 Dungeon Crawl Stone Soup version 0.27.0-1-g7a089689b8 (webtiles) character file.

Game seed: 9408632000697523850

30 Brandom the Chopper (level 3, -1/27 HPs)
             Began as a Merfolk Wanderer on Aug 11, 2021.
             Was an Initiate of Ashenzari.
             Succumbed to an adder's poison
             ... on level 2 of the Dungeon.
             The game lasted 00:03:59 (2058 turns).

Brandom the Chopper (Merfolk Wanderer)              Turns: 2058, Time: 00:03:59

Health: -1/27      AC:  2    Str: 14    XL:     3   Next: 18%
Magic:  4/4        EV: 11    Int: 11    God:    Ashenzari [......]
Gold:   31         SH:  0    Dex: 12    Spells: 4/4 levels left

rFire    . . .     SeeInvis .   i - +0 executioner's axe (elec)
rCold    . . .     Faith    .   (shield currently unavailable)
rNeg     . . .     Spirit   .   e - +0 robe
rPois    .         Reflect  .   (no helmet)
rElec    .         Harm     .   (no cloak)
rCorr    .         Rampage  .   (no gloves)
Will     .....                  (no boots)
Stlth    ++........             (no amulet)
HPRegen  0.09/turn              (no ring)
MPRegen  0.09/turn              (no ring)

@: lethally poisoned (-1 -> -9)
A: (nimble swimmer 2), mertail
a: Renounce Religion, Curse Item


You were on level 2 of the Dungeon.
You worshipped Ashenzari.
Ashenzari was noncommittal.
You visited 1 branch of the dungeon, and saw 3 of its levels.

You collected 31 gold pieces.

Inventory:

Hand Weapons
 a - a +0 hand crossbow
 d - a +0 hand axe
 i - a +0 executioner's axe of electrocution (weapon)
   (You found it on level 3 of the Dungeon)
Missiles
 c - 28 bolts
Armour
 e - a +0 robe (worn)
Scrolls
 b - a scroll of teleportation {@r4}
 g - a scroll of identify {@r1}
 h - a scroll of enchant weapon
 k - a scroll of immolation {!r}
Potions
 f - 2 potions of flight
 j - a potion of lignification {!q}


   Skills:
 + Level 1.6 Fighting
 + Level 2.0 Axes
 + Level 1.7 Armour
 - Level 1.3 Stealth
 + Level 1.5 Shields
 - Level 1.1 Spellcasting
 - Level 1.6 Air Magic


You had 4 spell levels left.
You didn't know any spells.
Your spell library was empty.

Dungeon Overview and Level Annotations

Branches:
Dungeon (3/15)

Altars:
Ashenzari


Innate Abilities, Weirdness & Mutations

((You are quick and stealthy near water. (Stealth+, EV+, Speed+++)))
Your lower body shifts to a powerful aquatic tail in water.


Message History

No target in view!
No target in view!
No target in view!
No target in view!
No target in view!
No target in view!
No target in view!
No target in view!
Found a scroll of immolation.
No target in view!
k - a scroll of immolation {!r} Done exploring.
Done exploring.
Done exploring.
(D) Dungeon
Where to? (Enter - D:1 @ (x,y), ? - help)
There is an open door here.
There is a stone staircase leading down here.
You climb downwards.
There is a stone staircase leading up here.
Found a stone staircase leading down.
Found a +0 robe.
An adder comes into view.
The adder hisses angrily.
Found an escape hatch in the ceiling.
The adder bites you.
You are poisoned.
The adder poisons you!
You closely miss the adder.
You feel very sick. The adder bites you. The adder closely misses you.
The adder bites you.
You are more poisoned.
The adder poisons you!
You barely miss the adder.
You feel very sick. The adder bites you.
* * * LOW HITPOINT WARNING * * *
You are lethally poisoned!
The adder poisons you! The adder misses you.
You miss the adder.
* * * LOW HITPOINT WARNING * * *
You feel very sick. The adder bites you but does no damage.
The adder closely misses you. The adder bites you.
* * * LOW HITPOINT WARNING * * *
Unknown command.
Okay, then.
You slice the adder!! Lightning courses through the adder!!
You kill the adder!
You die...

..##.# #.#.# #.....##.#.#.#
..##.# #.#.# #.....##.#.#.#
..##.###.#.####.....##.#.#.....#
.......................#.#######
#.##.###########.......#..
..##.###########.......###
.....................[..
.#.#.###########.......#
.+........<##...@#######
.#.#.########..<.# .#...# #....#
###..# ......# #..# ......###
#..# ...... #..# ...... #.>.
...... ####


There were no monsters in sight!

Vanquished Creatures
  An adder (D:2)
  2 ball pythons (D:1)
  3 bats
  3 endoplasms
  5 goblins
  3 hobgoblins (D:1)
  2 quokkas
  3 frilled lizards
  2 kobolds (D:1)
  5 rats
29 creatures vanquished.

Notes
Turn   | Place    | Note
-------+----------+-------------------------------------------
     0 | D:1      | Brandom the Merfolk Wanderer began the quest for the Orb.
     0 | D:1      | Brandom set off with the following items: a +0 hand
                  | crossbow, a +0 kite shield, 28 bolts, a +0 hand axe, a +0
                  | robe
     0 | D:1      | Reached XP level 1. HP: 15/15 MP: 2/2
   629 | D:2      | Reached XP level 2. HP: 10/21 MP: 3/3
   876 | D:1      | Found a faded altar of an unknown god.
   949 | D:1      | Became a worshipper of Ashenzari the Shackled
  1656 | D:1      | Reached XP level 3. HP: 25/26 MP: 4/4
  1813 | D:1      | Reached skill level 2 in Axes
  2058 | D:2      | Succumbed to an adder's poison

Illustrated notes

Levels and vault maps discovered:
D:1:      psy_arrival_statuary, layout_loops_corners,
          ebering_ecumenical_altar_hall, minmay_misc_feat_more_columns
D:2:      layout_basic
D:3:      lemuel_castle_with_subvaults [lemuel_castle_interior_carwin_1],
          layout_loops_ring, hangedman_decor_lopped, uniq_robin

Skill      XL: |  1  2  3 |
---------------+----------+-----
Axes           | 2 |  2.0
Fighting       | |  1.6
Armour         | |  1.7
Stealth        | |  1.3
Shields        | |  1.5
Spellcasting   | |  1.1
Air Magic      | |  1.6

Action                   || total
-------------------------++-------
Melee: Hand axe          ||    35
       Executioner's axe ||    44
 Fire: Hand crossbow     ||     1
Invok: Curse Item        ||     1
       Shatter the Chain ||     1
 Stab: Sleeping          ||     3
Armor: Robe              ||    21
Dodge: Dodged            ||    63
Block: Kite shield       ||    20
